 Dungeon Crawl Stone Soup version 0.30-a0-879-ga8ba668304 (webtiles) character file.

Game seed: 17437790948919843920

9173 ytrimaz the Cleaver (level 11, -2/92 HPs)
             Began as a Formicid Fighter on Mar 13, 2023.
             Was a High Priest of Uskayaw.
             Slain by a boulder beetle (44 damage)
             ... on level 10 of the Dungeon.
             The game lasted 00:11:08 (9312 turns).

ytrimaz the Cleaver (Formicid Fighter)              Turns: 9312, Time: 00:11:09

Health: -2/92      AC: 20    Str: 25    XL:     11   Next: 69%
Magic:  11/11      EV: 12    Int:  8    God:    Uskayaw [*****.]
Gold:   594        SH:  5    Dex: 13    Spells: 10/10 levels left

rFire   . . .      SeeInvis +    w - +2 hand axe (flame)
rCold   . . .      Faith    .    c - +0 buckler
rNeg    . . .      Spirit   .    A - +0 plate armour
rPois   .          Reflect  .    (helmet unavailable)
rElec   .          Rampage  .    (no cloak)
rCorr   .                        k - +3 pair of gauntlets of War {Slay+5}
Will    +....                    r - +0 pair of boots Stlth
                                 u - amulet of the acrobat
HPRegen 0.35/turn                D - +5 ring of evasion
MPRegen 0.12/turn                (no ring)

@: mighty
A: permanent stasis, dig shafts and tunnels, antennae 3, four strong arms
a: Dig, Shaft Self, Renounce Religion, Stomp, Line Pass, Grand Finale


You were on level 10 of the Dungeon.
You worshipped Uskayaw.
Uskayaw was noncommittal.
You visited 2 branches of the dungeon, and saw 11 of its levels.
You also visited: Sewer.

You collected 594 gold pieces.


Innate Abilities, Weirdness & Mutations

You cannot be hasted, slowed, berserked, paralysed or teleported.
You can dig through walls and to a lower floor.
You have a pair of large antennae on your head. (SInv)
Your four strong arms can wield two-handed weapons with a shield.


   Skills:
 + Level 10.6 Fighting
 - Level 12.0 Axes
 + Level 10.7 Armour
 - Level 4.0 Shields


You had 10 spell levels left.
You didn't know any spells.
Your spell library contained the following spells:

 Spells                   Type           Power      Damage    Failure   Level
 Beastly Appendage        Tmut           0%         N/A       99%         1
 Summon Small Mammal      Summ           0%         N/A       99%         1
 Sublimation of Blood     Necr           0%         N/A       100%        2
 Wereblood                Tmut           0%         N/A       100%        2
 Call Canine Familiar     Summ           0%         N/A       100%        3
 Dazzling Flash           Conj/Hex       0%         N/A       100%        3
 Spider Form              Tmut/Pois      0%         N/A       100%        3
 Summon Guardian Golem    Hex/Summ       0%         N/A       100%        3
 Tukima's Dance           Hex            0%         N/A       100%        3
 Iskenderun's Mystic Bla  Conj/Tloc      0%         2d3       100%        4
 Passage of Golubria      Tloc           0%         N/A       100%        4
 Petrify                  Tmut/Erth      0%         N/A       100%        4
 Alistair's Intoxication  Tmut/Pois      0%         N/A       100%        5
 Borgnjor's Vile Clutch   Necr/Erth      0%         N/A       100%        5
 Irradiate                Conj/Tmut      0%         3d11      100%        5
 Yara's Violent Unravell  Hex/Tmut       0%         3d3       100%        5
 Eringya's Noxious Bog    Tmut/Pois      0%         N/A       100%        6
 Starburst                Conj/Fire      0%         6d3       100%        6

Inventory:

Hand Weapons
 a - a +0 war axe
 p - a +1 hand axe of flaming
   (You found it on level 2 of the Dungeon)
 w - a +2 hand axe of flaming (weapon)
   (You found it on level 5 of the Dungeon)
Missiles
 b - 2 throwing nets
Armour
 c - a +0 buckler (worn)
 k - the +3 pair of gauntlets of War (worn) {Slay+5}
   (You acquired it on level 2 of the Dungeon)

   Slay:      It affects your accuracy & damage with ranged weapons and melee
   (+5).
 r - a +0 pair of boots (worn)
   (You found it on level 3 of the Dungeon)
 A - a +0 plate armour (worn)
   (You found it on level 8 of the Dungeon)
Jewellery
 u - an amulet of the acrobat (around neck)
   (You found it on level 7 of the Dungeon)
 y - a ring of ice
   (You found it on level 8 of the Dungeon)
 D - a +5 ring of evasion (left hand)
   (You found it on level 9 of the Dungeon)
 E - an amulet of guardian spirit
   (You found it on level 10 of the Dungeon)
Wands
 z - a wand of flame (20)
   (You found it on level 8 of the Dungeon)
 B - a wand of charming (6)
   (You found it on level 9 of the Dungeon)
Scrolls
 g - 2 scrolls of torment
 h - 5 scrolls of fear
 j - 3 scrolls of enchant armour
 m - a scroll of amnesia
 n - 2 scrolls of identify
 v - 2 scrolls of fog
 x - a scroll of brand weapon
 C - a scroll of enchant weapon
Potions
 d - 2 potions of might
 e - a potion of invisibility
 f - 2 potions of lignification
 i - 6 potions of heal wounds
 l - 12 potions of curing
 o - a potion of cancellation
 q - 4 potions of mutation
 s - 4 potions of resistance
 t - a potion of attraction

Dungeon Overview and Level Annotations

Branches:
Dungeon (10/15) Zot: 25954  Temple (1/1) D:4 Zot: 5920    Lair (0/5) D:10
  Sewer (visited)
    Orc: D:9-12

Altars:
Cheibriados
Dithmenos
Elyvilon
Fedhas
Gozag
Hepliaklqana
Kikubaaqudgha
Makhleb
Nemelex Xobeh
Okawaru
Qazlal
Ru
Sif Muna
Trog
Uskayaw
Vehumet
Wu Jian
Xom
Yredelemnul
Zin
The Shining One

### #.############.#
#..............#
#.#######.####.#
#.#######'##
#######.##...#).)#... ###
.#.#.#.#.##.°B@...'...##.#
#.#.#.#.#.#.$.#...#...#.##
#
.#.#.#.#.###+#######+###.#
# ##.#.#.#.#.# #.## ##
#.#.#.#....# { { {
##.#####. ##.#.#.#...#
#........ #.#.#.#....#
#........ ##.#.#.#.#.#
#........ #.#.#.#.#.## { {
{ #........


You could see a boulder beetle (rolling).


Message History

You barely miss the boulder beetle. You hit the vampire mosquito.
You burn the vampire mosquito.
The vampire mosquito bites you but does no damage.
The boulder beetle closely misses you.
You hit the boulder beetle but do no damage.
You slash the vampire mosquito! You burn the vampire mosquito.
The vampire mosquito bites you but does no damage.
The boulder beetle closely misses you.
You can now pass through a line of other dancers.
You hit the boulder beetle but do no damage.
You hit the vampire mosquito. You burn the vampire mosquito.
The vampire mosquito bites you but does no damage. x2
You hit the vampire mosquito. You burn the vampire mosquito.
You destroy the vampire mosquito!
You hit the boulder beetle but do no damage.
The boulder beetle bites you.
Uskayaw will force your foes to helplessly watch your dance.
Uskayaw prepares the audience for your solo! 😕 HP[-2]
You take 2 damage, and now have 90/92 hp.
The helpless boulder beetle fails to defend itself.
You hit the boulder beetle but do no damage.
The helpless orc wizard fails to defend itself.
You slash the orc wizard! You burn the orc wizard.
The helpless orc fails to defend itself.
You slash the orc! You burn the orc.
You kill the orc!
The boulder beetle is no longer paralysed.
The boulder beetle bites you. 😕 HP[-4]
You take 4 damage, and now have 86/92 hp.
You hit the boulder beetle but do no damage.
The helpless orc wizard fails to defend itself.
You slash the orc wizard! You burn the orc wizard.
You kill the orc wizard!
The orc wizard is no longer paralysed.
You hit the boulder beetle. You burn the boulder beetle.
You miss the orc wizard.
The boulder beetle bites you but does no damage.
The orc wizard hits you but does no damage.
Uskayaw will force your foes to share their pain.
Uskayaw links your audience in an emotional bond! 😕 HP[+1]
You hit the boulder beetle. You burn the boulder beetle.
You slash the orc wizard! You burn the orc wizard.
You kill the orc wizard!
The boulder beetle bites you but does no damage.
You hit the boulder beetle but do no damage.
The boulder beetle bites you but does no damage.
Uskayaw prepares the audience for your solo!
The helpless boulder beetle fails to defend itself.
You hit the boulder beetle but do no damage.
The boulder beetle is no longer paralysed.
The boulder beetle is no longer sharing its pain.
Unknown command.
You hit the boulder beetle but do no damage.
The boulder beetle bites you! 😕 HP[-11]
You take 11 damage, and now have 76/92 hp.
You hit the boulder beetle but do no damage.
The boulder beetle bites you! 😮 HP[-10]
You take 10 damage, and now have 66/92 hp.
You hit the boulder beetle but do no damage.
The boulder beetle bites you!!
You are too injured to fight recklessly! 😮 HP[-18]
You take 18 damage, and now have 48/92 hp.
You barely miss the boulder beetle. The boulder beetle bites you!
* * * LOW HITPOINT WARNING * * *
Uskayaw will no longer force your foes to share their pain. 😨 HP[-8]
You take 8 damage, and now have 40/92 hp.
You are too injured to fight recklessly!
You hit the boulder beetle but do no damage.
Unknown command.
You slash the boulder beetle! You burn the boulder beetle!
The boulder beetle closely misses you.
Uskayaw will force your foes to share their pain.
Okay, then.
You feel very mighty all of a sudden.
The boulder beetle bites you but does no damage.
You slash the boulder beetle! You burn the boulder beetle!
The boulder beetle closely misses you.
Unknown command. 😨 HP[+1]
You hit the boulder beetle but do no damage.
You slice the boulder beetle!! You burn the boulder beetle.
You kill the boulder beetle!
You can now merge with and destroy a victim.
Things that are here:
a +0 dagger; a +0 robe; an orc corpse; 😨 HP[+1]
You open the door.
A boulder beetle comes into view.
The boulder beetle curls into a ball and begins rolling!
There is an open door here.
You are too injured to fight recklessly!
You hit the boulder beetle but do no damage.
The boulder beetle hits you!!!
You die...

Skill      XL: |  1  2  3  4  5  6  7  8  9 10 11 |
---------------+----------------------------------+-----
Axes           | 3 4 5 7 8 10 12 | 12.0
Fighting       | 5 9 10 | 10.6
Armour         | 5 9 10 | 10.7
Shields        | |  4.0

Action                     |  1- 3 |  4- 6 |  7- 9 | 10-12 || total
---------------------------+-------+-------+-------+-------++-------
  Melee: War axe           |    79 |     3 |       |       ||    82
         Hand axe          |       |    68 |   243 |   176 ||   487
    Use: Scroll            |     8 |     3 |    13 |     1 ||    25
         Potion            |       |       |       |     1 ||     1
   Stab: Paralysed         |       |       |    10 |    28 ||    38
 Armour: Scale mail        |    50 |    19 |   116 |       ||   185
         Plate armour      |       |       |     5 |    55 ||    60
  Dodge: Dodged            |    38 |    16 |    96 |    65 ||   215
  Block: Buckler           |    29 |    14 |    52 |    30 ||   125

Levels and vault maps discovered:
D:1:      minmay_arrival_widening_spiral_wide, layout_rooms, minmay_bisected
D:2:      layout_basic
D:3:      layout_rooms, mainiacjoe_overflow_chevrons, serial_rivers,
          chequers_serial_rivers_micro_e, chequers_serial_rivers_room_a,
          chequers_serial_rivers_marsh, chequers_serial_rivers_micro_b,
          chequers_serial_rivers_room_b, minmay_ogre_servants
D:4:      layout_loops_ring, grunt_temple_overflow_opulence,
          amcnicky_altar_gilded, lemuel_crystal_altar, general_overflow_altar,
          minmay_temple_entry_proselytizer, gup_sewer_entry_pipe,
          minmay_misc_feat_rows
D:5:      layout_gridville, fiery_altar_vehumet, kennysheep_okawaru_gauntlet,
          lemuel_doored_altar, mainiacjoe_overflow_catwalk
D:6:      minmay_cornered_nines, layout_loops_cross, minmay_door_square
D:7:      layout_basic, mainiacjoe_overflow_alcove_1
D:8:      layout_gridville, lemuel_round_altar
D:9:      layout_stronghold, mainiacjoe_overflow_surrounded_room, uniq_psyche
D:10:     layout_basic, overflow_temple_1_default,
          gammafunk_temple_overflow_wave, david_lair_shrubbed, minmay_evil_grid
Temple:   hellmonk_temple_rainy

Notes
Turn   | Place    | Note
-------+----------+-------------------------------------------
     0 | D:1      | ytrimaz the Formicid Fighter began the quest for the Orb.
     0 | D:1      | Reached XP level 1. HP: 18/18 MP: 1/1
     0 | D:1      | magus.rc [v1.9.6]
    85 | D:1      | You pick up a book of Callings and begin reading...
    85 | D:1      | You add the spells Summon Small Mammal, Call Canine
                  | Familiar and Summon Guardian Golem to your library.
   153 | D:1      | Reached XP level 2. HP: 24/24 MP: 2/2
   179 | D:1      | You pick up a book of Spectacle and begin reading...
   179 | D:1      | You add the spells Dazzling Flash, Iskenderun's Mystic
                  | Blast and Starburst to your library.
   231 | D:1      | Reached skill level 3 in Axes
   254 | D:1      | Reached XP level 3. HP: 27/29 MP: 3/3
   481 | D:1      | You pick up a book of Changes and begin reading...
   481 | D:1      | You add the spells Beastly Appendage, Wereblood and Spider
                  | Form to your library.
   735 | D:2      | You pick up a book of Alchemy and begin reading...
   735 | D:2      | You add the spells Sublimation of Blood, Petrify and
                  | Irradiate to your library.
   968 | D:2      | Reached skill level 4 in Axes
   968 | D:2      | Reached XP level 4. HP: 35/35 MP: 4/4
  1088 | D:2      | You add the spells Tukima's Dance, Passage of Golubria and
                  | Yara's Violent Unravelling to your library.
  1399 | D:2      | Identified a scroll of acquirement
  1399 | D:2      | Acquired the +3 pair of gauntlets of War {Slay+5}
  1399 | D:2      | Found the +3 pair of gauntlets of War {Slay+5}
  1597 | D:3      | Noticed an ogre
  1606 | D:3      | Reached XP level 5. HP: 41/41 MP: 5/5
  1611 | D:3      | Killed an ogre
  1612 | D:3      | Reached skill level 5 in Axes
  1768 | D:3      | Reached XP level 6. HP: 47/47 MP: 6/6
  1815 | D:3      | Found a stormy altar of Qazlal.
  2144 | D:4      | Reached skill level 6 in Axes
  2310 | D:4      | Found a staircase to the Ecumenical Temple.
  2321 | Temple   | Entered the Ecumenical Temple
  2372 | D:4      | Found a glowing silver altar of Zin.
  2387 | D:4      | Noticed an ogre
  2395 | D:4      | Killed an ogre
  2396 | D:4      | Reached skill level 7 in Axes
  2396 | D:4      | Reached XP level 7. HP: 40/52 MP: 7/7
  2407 | D:4      | Found a hazy altar of Hepliaklqana.
  2502 | D:4      | Found a glowing drain.
  2519 | Sewer    | Entered a sewer
  2932 | D:4      | Found a sparkling altar of Nemelex Xobeh.
  2933 | D:4      | Found an opulent altar of Gozag.
  3007 | D:4      | Found a shimmering altar of Xom.
  3366 | Temple   | Became a worshipper of Uskayaw the Reveller
  3411 | D:5      | Entered Level 5 of the Dungeon
  3472 | D:5      | Reached * piety under Uskayaw
  3473 | D:5      | Reached ** piety under Uskayaw
  3480 | D:5      | Reached *** piety under Uskayaw
  3537 | D:5      | Reached skill level 8 in Axes
  3573 | D:5      | Found an ancient bone altar of Kikubaaqudgha.
  3599 | D:5      | Found an ornate altar of the Wu Jian Council.
  3688 | D:5      | Found an iron altar of Okawaru.
  3760 | D:5      | Found a radiant altar of Vehumet.
  3802 | D:5      | Reached XP level 8. HP: 53/58 MP: 8/8
  3943 | D:5      | Reached skill level 9 in Axes
  4361 | D:6      | Reached skill level 10 in Axes
  4633 | D:6      | Reached XP level 9. HP: 55/64 MP: 9/9
  4924 | D:6      | Reached skill level 11 in Axes
  4928 | D:6      | Reached **** piety under Uskayaw
  5844 | D:7      | Reached skill level 4 in Fighting
  5844 | D:7      | Reached skill level 12 in Axes
  5844 | D:7      | Reached skill level 4 in Armour
  6162 | D:7      | You add the spells Alistair's Intoxication, Borgnjor's Vile
                  | Clutch and Eringya's Noxious Bog to your library.
  6473 | D:7      | Found a white marble altar of Elyvilon.
  6775 | D:8      | Found a snail-covered altar of Cheibriados.
  6963 | D:8      | Reached skill level 5 in Fighting
  6963 | D:8      | Reached skill level 5 in Armour
  7057 | D:9      | Reached XP level 10. HP: 65/74 MP: 10/10
  7225 | D:9      | Reached ***** piety under Uskayaw
  7228 | D:9      | Reached skill level 6 in Fighting
  7228 | D:9      | Reached skill level 6 in Armour
  7564 | D:9      | Found a shimmering blue altar of Sif Muna.
  7604 | D:9      | Noticed Psyche
  7664 | D:9      | Killed Psyche
  7816 | D:9      | Reached skill level 7 in Fighting
  7816 | D:9      | Reached skill level 7 in Armour
  8082 | D:9      | Noticed a kobold demonologist
  8089 | D:9      | Killed a kobold demonologist
  8235 | D:10     | Entered Level 10 of the Dungeon
  8247 | D:10     | Reached skill level 8 in Fighting
  8247 | D:10     | Reached skill level 8 in Armour
  8458 | D:10     | Noticed a two-headed ogre
  8470 | D:10     | Killed a two-headed ogre
  8471 | D:10     | Reached skill level 9 in Fighting
  8471 | D:10     | Reached skill level 9 in Armour
  8471 | D:10     | Reached XP level 11. HP: 68/89 MP: 11/11
  8797 | D:10     | Found a basalt altar of Yredelemnul.
  8797 | D:10     | Found a shadowy altar of Dithmenos.
  8880 | D:10     | Noticed a two-headed ogre
  8887 | D:10     | Killed a two-headed ogre
  8888 | D:10     | Reached skill level 10 in Fighting
  8888 | D:10     | Reached skill level 10 in Armour
  9037 | D:10     | Found a staircase to the Lair.
  9284 | D:10     | Noticed a boulder beetle
  9308 | D:10     | Killed a boulder beetle
  9310 | D:10     | Noticed a boulder beetle
  9312 | D:10     | Slain by a boulder beetle

Vanquished Creatures
  A boulder beetle (D:10)
  2 two-headed ogres (D:10)
  A gargoyle (D:10)
  A kobold demonologist (D:9)
  Psyche (D:9)
  A komodo dragon (D:10)
  2 trolls (D:9)
  3 wraiths
  11 yaks (D:10)
  5 vampire mosquitoes (D:10)
  A water moccasin (D:8)
  A black bear (D:7)
  2 orc warriors
  3 ogres
  4 centaurs (D:6)
  3 phantoms
  A gnoll sergeant (D:9)
  3 bullfrogs
  5 scorpions
  4 jellies
  6 killer bees (D:10)
  5 howler monkeys
  An electric eel (D:10)
  5 orc priests
  2 gnoll boudas
  A hound (D:5)
  2 sleepcaps
  An iguana (D:5)
  8 orc wizards
  12 gnolls
  10 adders
  4 river rats (Sewer)
  A white imp (D:8)
  3 ufetubi
  A dart slug (D:1)
  31 orcs
  8 ball pythons
  5 endoplasms
  6 giant cockroaches
  14 goblins
  4 hobgoblins
  5 jackals
  6 quokkas
  6 bats
  5 frilled lizards
  4 kobolds
  5 rats
216 creatures vanquished.

Vanquished Creatures (others)
  5 plants (D:10)
5 creatures vanquished.

Grand Total: 221 creatures vanquished

Table legend:
 A = Non-vault XP
 B = Vault XP
 C = Vault XP percentage of total XP
 D = Non-vault monster count
 E = Vault monster count
 F = Vault count percentage of total count
                 A         B        C        D         E       F
            +---------+---------+-------+---------+---------+-------
      Total |   10753 |    2352 |  17.9 |     172 |      44 |  20.4
            +---------+---------+-------+---------+---------+-------
        D:1 |      32 |       3 |   8.6 |      18 |       2 |  10.0
        D:2 |      41 |       0 |   0.0 |      10 |       0 |   0.0
        D:3 |      59 |     135 |  69.6 |       8 |       9 |  52.9
        D:4 |     256 |      51 |  16.6 |      29 |       6 |  17.1
        D:5 |     525 |       0 |   0.0 |      11 |       0 |   0.0
        D:6 |    1196 |     314 |  20.8 |      18 |       3 |  14.3
        D:7 |     751 |       0 |   0.0 |      18 |       0 |   0.0
        D:8 |     347 |       0 |   0.0 |       9 |       0 |   0.0
        D:9 |    1995 |     358 |  15.2 |      22 |       1 |   4.3
       D:10 |    5551 |    1371 |  19.8 |      29 |       3 |   9.4
      Sewer |       0 |     120 | 100.0 |       0 |      20 | 100.0
            +---------+---------+-------+---------+---------+-------

Illustrated notes

Table legend:
 A = Kills in this place as a percentage of kills in the entire game.
 B = Kills by you in this place as a percentage of kills by you in the entire game.
 C = Kills by friends in this place as a percentage of kills by friends in the entire game.
 D = Other kills in this place as a percentage of other kills in the entire game.
 E = Experience gained in this place as a percentage of experience gained in the entire game.
 F = Experience gained in this place divided by the number of levels of this place that you have seen.
                   A       B       C       D       E      F
               +-------+-------+-------+-------+-------+----------------------
         Total | 100.0 | 100.0 |   N/A |   N/A | 100.0 | 1092.1
       Dungeon |  90.7 |  90.7 |   N/A |   N/A |  99.1 | 1298.5
         Sewer |   9.3 |   9.3 |   N/A |   N/A |   0.9 | 120.0
               +-------+-------+-------+-------+-------+----------------------

Table legend: (Time is in decaauts)
 A = Elapsed time spent in this place.
 B = Non-inter-level travel time spent in this place.
 C = Inter-level travel time spent in this place.
 D = Time resting spent in this place.
 E = Time spent auto-exploring this place.
 F = Levels seen in this place.
 G = Mean time per level.
                   A        B        C        D        E       F      G
               +--------+--------+--------+--------+--------+-----+--------+
         Total |   9305 |   8978 |    327 |     81 |   7390 |  12 |  775.4 |
       Dungeon |   8851 |   8560 |    291 |     81 |   7106 |  10 |  885.1 |
        Temple |     79 |     43 |     36 |      0 |     32 |   1 |   79.0 |
         Sewer |    375 |    375 |      0 |      0 |    251 |   1 |  375.0 |
               +--------+--------+--------+--------+--------+-----+--------+

Top non-repeatable levels by time:
     D:7: 1205 daAuts
     D:9: 1173 daAuts
     D:6: 1172 daAuts
    D:10: 1044 daAuts
     D:2: 934 daAuts
     D:4: 905 daAuts
     D:5: 771 daAuts
     D:3: 661 daAuts
     D:1: 551 daAuts
     D:8: 430 daAuts
   Sewer: 375 daAuts
  Temple: 79 daAuts
